 Dungeon Crawl Stone Soup version 0.29-a0-283-ga02f740833 (webtiles) character file.

Game seed: 1503020995443580794

4 anonymouscript the Sneak (level 1, -1/11 HPs)
             Began as a Spriggan Delver on Mar 13, 2022.
             Was an Initiate of Hepliaklqana.
             Succumbed to an adder's poison
             ... on level 3 of the Dungeon.
             The game lasted 00:03:39 (1009 turns).

anonymouscript the Sneak (Spriggan Delver)          Turns: 1009, Time: 00:03:39

Health: -1/11      AC:  2    Str:  8    XL:     1   Next: 50%
Magic:  0/2        EV: 21    Int: 11    God:    Hepliaklqana [......]
Gold:   86         SH:  0    Dex: 16    Spells: 0/0 levels left

rFire   . . .      SeeInvis +   a - +0 short sword
rCold   . . .      Faith    .   (no shield)
rNeg    . . .      Spirit   +   b - +0 robe
rPois   .          Reflect  .   (helmet restricted)
rElec   +          Harm     .   (no cloak)
rCorr   .          Rampage  .   (gloves unavailable)
Will    .....                   (boots unavailable)
Stlth   ++++......              h - amulet of Luept {Spirit rElec Slay+3}
HPRegen 0.03/turn               o - +4 ring of evasion
MPRegen 0.08/turn               (no ring)

@: lethally poisoned (-1 -> -10), very quick
A: very small, no large weapons, unfitting armour, see invisible, speed 3
a: Renounce Religion


You were on level 3 of the Dungeon.
You worshipped Hepliaklqana.
Hepliaklqana was noncommittal.
You visited 2 branches of the dungeon, and saw 4 of its levels.

You collected 86 gold pieces.

Inventory:

Hand Weapons
 a - a +0 short sword (weapon)
Armour
 b - a +0 robe (worn)
Jewellery
 h - the amulet of Luept (around neck) {Spirit rElec Slay+3}
   (You found it on level 5 of the Dungeon)

   [amulet of guardian spirit]

   It causes incoming damage to be divided between your reserves of health and
   magic.
   Slay:      It affects your accuracy & damage with ranged weapons and melee
   (+3).
   rElec:     It insulates you from electricity.
 o - a +4 ring of evasion (left hand)
Wands
 g - a wand of digging (3)
 k - a wand of polymorph (12)
Scrolls
 c - a scroll of fog
 l - 3 scrolls of teleportation {unknown}
Potions
 d - 2 potions of mutation {unknown}
 f - a potion of haste
 i - a potion of magic {unknown}
 j - a potion of heal wounds {unknown}
 m - a potion of curing {unknown}
 n - a potion of degeneration {unknown}


   Skills:
 + Level 2.4 Fighting
 + Level 2.2 Short Blades
 + Level 2.7 Dodging
 + Level 7.4 Stealth


You couldn't memorise any spells.
You didn't know any spells.
Your spell library contained the following spells:

 Spells                   Type           Power      Damage    Failure   Level
 Animate Skeleton         Necr           0%         N/A       34%         1
 Apportation              Tloc           0%         N/A       34%         1
 Summon Small Mammal      Summ           0%         N/A       34%         1


Dungeon Overview and Level Annotations

Branches:
Dungeon (5/15)             Temple (1/1) D:5

Altars:
Fedhas
Hepliaklqana
Trog

Shops:
D:4 =


Innate Abilities, Weirdness & Mutations

You are very small and have problems with some larger weapons.
You are too small for most types of armour.
You have supernaturally acute eyesight. (SInv)
You cover ground extremely quickly. (Speed+++)


Message History

The orc shouts!
The orc looks frightened! x2
Found 10 gold pieces.
Found a stone staircase leading up.
There is a stone staircase leading up here.
You climb upwards.
Found 2 glowing grey potions.
There is a stone staircase leading down here.
HP restored.
d - 2 glowing grey potions You now have 86 gold pieces (gained 18).
Found a stone staircase leading up.
A dart slug comes into view.
An adder comes into view.
Found a hunting sling.
The helpless dart slug fails to defend itself.
You impale the dart slug!!
You kill the dart slug!
The adder hisses angrily.
Found a stone staircase leading down.
The adder bites you.
You are poisoned.
The adder poisons you!
You hit the adder.
The adder is severely wounded.
You feel sick. The adder misses you.
You barely miss the adder.
The adder is severely wounded.
You feel sick. The adder closely misses you.
You completely miss the adder.
The adder is severely wounded.
You feel sick. The adder misses you. The adder closely misses you.
You hit the adder.
The adder is almost dead.
You feel sick. The adder bites you.
* * * LOW HITPOINT WARNING * * *
You are more poisoned.
The adder poisons you!
You barely miss the adder.
The adder is almost dead.
You die...

####.##.....# >.#
#.......###.. #.#
#.##....# #
.#.####.####..###..
#..........##.......
#.#.####.#.##.....##
#####.#.####.#.##.###...
.......S##........# ##.
#@##<#.###### #......#
##......# #####.......#
#.....#.#...#
#.....#.#....#
#.......#..#...
#.....###....### #..)..#
#..###


You could see an adder.

Vanquished Creatures
  A dart slug (D:3)
  A hobgoblin (D:4)
2 creatures vanquished.

Notes
Turn   | Place    | Note
-------+----------+-------------------------------------------
     0 | D:5      | anonymouscript the Spriggan Delver began the quest for the
                  | Orb.
     0 | D:5      | Reached XP level 1. HP: 11/11 MP: 2/2
     1 | D:5      | Noticed a scorpion
    20 | D:5      | Found a staircase to the Ecumenical Temple.
    29 | Temple   | Entered the Ecumenical Temple
   237 | Temple   | Became a worshipper of Hepliaklqana the Forgotten
   297 | D:5      | Identified the amulet of Luept {Spirit rElec Slay+3}
   477 | D:4      | Noticed a scorpion
   518 | D:4      | Noticed an iguana
   595 | D:4      | Found Oshraklor's Jewellery Emporium.
  1009 | D:3      | Succumbed to an adder's poison

Illustrated notes

Levels and vault maps discovered:
D:3:      layout_loops_cross
D:4:      layout_basic, serial_shops, shop_coins
D:5:      layout_basic, minmay_temple_entry_crystal_x, gup_sewer_entry_bubbles,
          grunt_decor_cap
Temple:   mainiacjoe_temple_cubbyholes

Action                   || total
-------------------------++-------
Melee: Short sword       ||    16
  Use: Scroll            ||     2
 Stab: Sleeping          ||     1
Armor: Robe              ||     3
Dodge: Dodged            ||    16

Table legend: (Time is in decaauts)
 A = Elapsed time spent in this place.
 B = Non-inter-level travel time spent in this place.
 C = Inter-level travel time spent in this place.
 D = Time resting spent in this place.
 E = Time spent auto-exploring this place.
 F = Levels seen in this place.
 G = Mean time per level.
                   A        B        C        D        E       F      G
               +--------+--------+--------+--------+--------+-----+--------+
         Total |    838 |    838 |      0 |      0 |    574 |   4 |  209.5 |
       Dungeon |    622 |    622 |      0 |      0 |    394 |   3 |  207.3 |
        Temple |    215 |    215 |      0 |      0 |    180 |   1 |  215.0 |
               +--------+--------+--------+--------+--------+-----+--------+

Top non-repeatable levels by time:
     D:3: 302 daAuts
     D:4: 241 daAuts
  Temple: 215 daAuts
     D:5: 78 daAuts
